 Dungeon Crawl Stone Soup version 0.32-a0-520-g344ed53f66 (webtiles) character file.

Game seed: 7556152358348738278

120 Dittersdorf the Covered (level 5, -1/33 HPs)
             Began as a Gargoyle Fighter on Feb 27, 2024.
             Killed from afar by an orc wizard (6 damage)
             ... with a magic dart
             ... on level 4 of the Dungeon.
             The game lasted 00:02:04 (3212 turns).

Dittersdorf the Covered (Gargoyle Fighter)          Turns: 3212, Time: 00:02:05

Health: -1/33      AC: 11    Str: 21    XL:     5   Next: 4%
Magic:  5/5        EV:  9    Int:  9    God:
Gold:   201        SH:  4    Dex:  9    Spells: 4/4 levels left

rFire   + . .        a - +0 flail
rCold   . . .        c - +0 buckler
rNeg    + . .        b - +0 scale mail
rPois   ∞            (no helmet)
rElec   +            (no cloak)
rCorr   +            (no gloves)
SInv    .            (no boots)
Will    .....        (no amulet) Stlth
                     f - ring of protection from fire
HPRegen 0.25/turn    s - ring of resist corrosion
MPRegen 0.09/turn

%: no passive effects
@: no status effects
A: sickness immunity, AC +4, negative energy resistance 1, electricity
resistance, torment resistance 1, petrification resistance
a: no special abilities


You were on level 4 of the Dungeon.
You visited 1 branch of the dungeon, and saw 4 of its levels.

You collected 201 gold pieces.

Inventory:

Hand Weapons
 a - a +0 flail (weapon)
Armour
 b - a +0 scale mail (worn)
 c - a +0 buckler (worn)
Jewellery
 f - a ring of protection from fire (left hand)
 p - a ring of fire
 s - a ring of resist corrosion (right hand)
Wands
 m - a wand of flame (25)
Scrolls
 e - 2 scrolls of teleportation {unknown}
 g - 6 scrolls of identify {unknown}
 k - a scroll of noise {unknown}
 l - a scroll of acquirement {unknown}
 o - a scroll of fear {unknown}
 r - a scroll of butterflies {unknown}
 t - a scroll of poison {unknown}
Potions
 d - a potion of might
 h - a potion of curing {unknown}
 i - 3 potions of heal wounds {unknown}
 j - a potion of attraction {unknown}
 n - a potion of brilliance {unknown}
 q - a potion of invisibility {unknown}
 u - 3 potions of cancellation {unknown}


   Skills:
 + Level 4.1 Fighting
 + Level 3.0 Maces & Flails
 + Level 4.2 Armour
 + Level 4.1 Shields


You had 4 spell levels left.
You didn't know any spells.
Your spell library contained the following spells:

 Spells                   Type           Power      Damage    Failure   Level
 Lesser Beckoning         Tloc           0%         N/A       89%         2
 Gell's Gravitas          Tloc           0%         N/A       98%         3
 Teleport Other           Tloc           0%         N/A       98%         3


Dungeon Overview and Level Annotations

Branches:
Dungeon (4/15)
 Temple: D:4-7

Altars:
Fedhas
Vehumet


Innate Abilities, Weirdness & Mutations

You are immune to sickness and miasma.
Your stone body is resilient. (AC +4)
You are immune to poison.
You resist negative energy. (rN+)
You are resistant to electric shocks. (rElec)
You are resistant to unholy torment.
You are immune to petrification.


Message History

The shadow imp hits you.
The shadow imp hits you but does no damage.
You hit the shadow imp but do no damage.
The shadow imp is moderately wounded.
The shadow imp closely misses you.
You closely miss the shadow imp.
The shadow imp is moderately wounded.
The shadow imp barely misses you.
You barely miss the shadow imp.
The shadow imp is moderately wounded.
The shadow imp hits you but does no damage.
The orc wizard mumbles some strange words.
The orc wizard flickers and vanishes!
Deactivating autopickup; reactivate with Ctrl-A.
The shadow imp disappears for a moment.
The shadow imp hits you but does no damage.
You sock the shadow imp!
The shadow imp is almost dead.
The shadow imp hits you.
You closely miss the shadow imp.
The shadow imp is almost dead.
The shadow imp gestures at you. Pain shoots through your body!
* * * LOW HITPOINT WARNING * * *
You thump the shadow imp!
You kill the shadow imp!
The shadow imp gestures at you.
You barely resist. Something hits you but does no damage.
You have reached level 5!
You miss something.
You hear some strange, mumbled words.
A magic dart appears from out of thin air!
The magic dart hits you but does no damage.
You closely miss something. You block something's attack.
You closely miss something. Something hits you but does no damage.
You miss something.
You hear some strange, mumbled words.
A magic dart appears from out of thin air!
The magic dart hits you.
You die...

#.# ##.## #.# # ... ##.#
#.# # #.# #..# #.# # ...
#### #.# #
#####.###########.#######
#....5....#.#.....#......
#'## #.#.#####.#####
#..####.#.# #.#
##5{@...#.# #.#
######.#.# #.# #.#.# #.#
#.#.### #.# #.#...# #.#
#.###.# #.# #..##.###.##
######.##......#
##......#######.####


You could see a shadow imp.

Vanquished Creatures
  4 adders
  A shadow imp (D:4)
  2 dart slugs (D:2)
  3 ribbon worms
  An orc (D:4)
  5 endoplasms
  A giant cockroach (D:2)
  7 goblins
  6 hobgoblins
  2 jackals (D:2)
  4 quokkas
  5 ball pythons
  7 bats
  4 frilled lizards
  2 kobolds (D:1)
  11 rats
65 creatures vanquished.

Notes
Turn   | Place    | Note
-------+----------+-------------------------------------------
     0 | D:1      | Dittersdorf the Gargoyle Fighter began the quest for the
                  | Orb.
     0 | D:1      | Reached XP level 1. HP: 14/14 MP: 1/1
   218 | D:1      | Reached XP level 2. HP: 18/19 MP: 2/2
   715 | D:1      | Reached XP level 3. HP: 23/23 MP: 3/3
  1053 | D:2      | Found a radiant altar of Vehumet.
  1356 | D:2      | Reached XP level 4. HP: 29/29 MP: 4/4
  1856 | D:3      | Found a blossoming altar of Fedhas.
  3209 | D:4      | Reached XP level 5. HP: 4/33 MP: 5/5
  3212 | D:4      | Killed from afar by an orc wizard

Illustrated notes

Levels and vault maps discovered:
D:1:      ncdulo_watergridlock, layout_loops_corners, minmay_tromino_v2
D:2:      layout_basic, basic_altar
D:3:      layout_basic, fedhas_altar_1
D:4:      layout_loops_ring, serial_library,
          serial_library_regret_index_small_wings,
          serial_library_regret_index_split_case,
          serial_library_hellmonk_hallway_b,
          serial_library_hellmonk_filled_rooms, serial_library_hellmonk_room_b,
          serial_library_hellmonk_layered_room,
          serial_library_hellmonk_hallway_b,
          serial_library_hellmonk_angled_corner,
          serial_library_hellmonk_hallway_a, serial_library_hellmonk_metal_room,
          serial_library_hellmonk_junction

Skill      XL: |  1  2  3  4 |
---------------+-------------+-----
Armour         | 4 |  4.2
Shields        | 4 |  4.1
Fighting       | 4 |  4.1
Maces & Flails | 3 |  3.0

Action                     |  1- 3 |  4- 6 || total
---------------------------+-------+-------++-------
  Melee: Flail             |   141 |    85 ||   226
 Armour: Scale mail        |   119 |    71 ||   190
  Dodge: Dodged            |    75 |    37 ||   112
  Block: Buckler           |    32 |    14 ||    46

Table legend: (Time is in decaauts)
 A = Elapsed time spent in this place.
 B = Non-inter-level travel time spent in this place.
 C = Inter-level travel time spent in this place.
 D = Time resting spent in this place.
 E = Time spent auto-exploring this place.
 F = Levels seen in this place.
 G = Mean time per level.
                   A        B        C        D        E       F      G
               +--------+--------+--------+--------+--------+-----+--------+
         Total |   3280 |   3171 |    109 |      0 |   2614 |   4 |  820.0 |
       Dungeon |   3280 |   3171 |    109 |      0 |   2614 |   4 |  820.0 |
               +--------+--------+--------+--------+--------+-----+--------+

Top non-repeatable levels by time:
     D:1: 937 daAuts
     D:4: 885 daAuts
     D:2: 823 daAuts
     D:3: 634 daAuts
